 Dungeon Crawl Stone Soup version 0.28-a0-429-g1448048969 (webtiles) character file.

Game seed: 8670329715914310066

17113 Shayle the Fighter (level 12, -26/91 HPs)
             Began as a Djinni Warper on Sept 11, 2021.
             Was a Priest of Makhleb.
             Annihilated by a reaper (35 damage)
             ... in a Gauntlet.
             The game lasted 01:01:08 (17684 turns).

Shayle the Fighter (Djinni Warper)                 Turns: 17684, Time: 01:01:08

Health: -26/91     AC: 13    Str: 10    XL:     12   Next: 78%
Gold:   419        EV: 11    Int: 20    God:    Makhleb [***...] SH: 12 Dex: 13

rFire   + + .      SeeInvis .   o - +3 short sword (elec)
rCold   x . .      Faith    .   k - +2 buckler
rNeg    . . .      Spirit   .   a - +1 leather armour
rPois   ∞          Reflect  +   H - +1 helmet
rElec   .          Harm     .   (no cloak)
rCorr   .          Rampage  .   j - +2 pair of gloves
Will    +....      NoTele   +   (boots unavailable)
Stlth   +.........              m - amulet of reflection
HPRegen 0.25/turn               G - +4 ring of protection
MPRegen 0.00/turn               (no ring)

@: attractive, immobile, flying, very slightly contaminated
A: sickness immunity, fire resistance 2, cold vulnerability 1, float, innate
caster, hp casting, extra vitality 1
a: Renounce Religion, Minor Destruction, Lesser Servant of Makhleb


You were in a Gauntlet.
You worshipped Makhleb.
Makhleb was most pleased with you.
You visited 3 branches of the dungeon, and saw 12 of its levels.
You also visited: Sewer and Gauntlet.

You collected 419 gold pieces.

Inventory:

Hand Weapons
 b - a +1 antimagic dagger
 g - a +2 vorpal dire flail
 l - a +1 mace of draining
 o - a +3 short sword of electrocution (weapon)
 r - a +1 vorpal broad axe
Missiles
 i - a boomerang (quivered)
Armour
 a - a +1 leather armour (worn)
 j - a +2 pair of gloves (worn)
 k - a +2 buckler (worn)
 z - a +1 robe of fire resistance
 H - a +1 helmet (worn)
Jewellery
 m - an amulet of reflection (around neck)
 G - a +4 ring of protection (left hand)
Wands
 u - a wand of polymorph (8)
 F - a wand of paralysis (9)
Scrolls
 e - 4 scrolls of amnesia
 q - a scroll of teleportation
 s - a scroll of magic mapping
 t - 2 scrolls of enchant weapon
 y - a scroll of identify
 D - 2 scrolls of brand weapon
Potions
 d - 2 potions of magic
 f - a potion of might
 h - a potion of degeneration {unknown}
 n - a potion of cancellation
 p - a potion of lignification {unknown}
 w - a potion of heal wounds {unknown}
 x - 2 potions of invisibility
 A - a potion of mutation
 B - a potion of resistance {unknown}
 C - a potion of attraction
 E - a potion of flight {unknown}
 I - a potion of berserk rage {unknown}
Miscellaneous
 c - a tin of tremorstones (2/2)


   Skills:
 + Level 9.6 Fighting
 - Level 0.7 Throwing
 - Level 1.0 Armour
 - Level 2.1 Dodging
 - Level 4.0 Shields
 + Level 9.4 Unarmed Combat
 + Level 7.5 Spellcasting
 + Level 8.8 Invocations
 + Level 6.1 Evocations


You couldn't memorise any spells.
You knew the following spells:

 Your Spells              Type           Power      Damage    Failure   Level
a - Blink                 Tloc           N/A        N/A       1%          2
b - Lesser Beckoning      Tloc           37%        N/A       1%          3
c - Gell's Gravitas       Tloc           18%        N/A       1%          3
d - Teleport Other        Tloc           37%        N/A       1%          3
e - Manifold Assault      Tloc           37%        N/A       16%         5
f - Magic Dart            Conj           100%       1d8       1%          1
g - Scorch                Fire           74%        2d8       1%          2
h - Static Discharge      Conj/Air       37%        N/A       1%          2
i - Sticky Flame          Conj/Fire      37%        2d6       5%          4
j - Hailstorm             Conj/Ice       37%        3d9       5%          4
Your spell library was empty.

Dungeon Overview and Level Annotations

Branches:
Dungeon (9/15)             Temple (1/1) D:4            Lair (2/6) D:9
 Shoals (0/4) Lair:2        Sewer (visited)         Gauntlet (1/1)
  Snake: Lair:2-4    Spider: Lair:2-4       Orc: D:9-12

Altars:
Ashenzari
Cheibriados
Dithmenos
Elyvilon
Fedhas
Gozag
Hepliaklqana
Kikubaaqudgha
Makhleb
Nemelex Xobeh
Okawaru
Qazlal
Ru
Sif Muna
Trog
Uskayaw
Vehumet
Wu Jian
Xom
Yredelemnul
Zin
The Shining One

Annotations:
D:3 1 runed translucent door, GEC's ghost, amateur DsEn
D:5 2 transporters
Lair:1 Harold Gauntlet 11 transporters, 3 runed translucent doors, exclusion: 2 lightning spires


Innate Abilities, Weirdness & Mutations

You are immune to sickness and miasma.
You are immune to poison.
Your flesh is very heat resistant. (rF++)
You are vulnerable to cold. (rC-)
You float through the air rather than walking.
You learn spells naturally, not from books.
Your magical power is your life essence.
You have superior vitality. (+4 HP)


Message History

Space twists in upon itself.
You are magically locked in place.
The reaper hits your orange demon with a +6 scythe of venom!!
Your orange demon stings the reaper but does no damage.
Your orange demon hits the reaper but does no damage.
Unknown command.
Casting: Manifold Assault (quite dangerous; 30% risk of failure)
Confirm with . or Enter, or press ? or * to list all spells.
The spell is quite dangerous to cast (30% risk of failure)!
Continue anyway?
Space momentarily warps into an impossible shape!
You hit the reaper but do no damage.
* * * LOW HITPOINT WARNING * * *
The reaper hits your orange demon with a +6 scythe of venom!!
Your orange demon dies!
Your orange demon disappears in a puff of smoke!
Unknown command.
It was a potion of attraction.
You feel attractive to monsters.
The reaper hits your neqoxec with a +6 scythe of venom!
Your neqoxec hits the reaper! The reaper is attracted toward you.
Aiming: Paralyse
Press: ? - help, Shift-Dir - straight line, f/p - reaper
Aim: a reaper, wielding a +6 scythe of venom (moderately wounded, poisoned, ally target, chance to affect: 6%)
Okay, then.
Okay, then.
Okay, then.
As you read the scroll of identify, it crumbles to dust.
A - a potion of mutation The reaper hits you with a +6 scythe of venom!
* * * LOW HITPOINT WARNING * * *
It was a potion of experience.
You feel more experienced!
Your Fighting skill increases to level 9!
Your Spellcasting skill increases to level 7!
Your Invocations skill increases to level 8!
You have reached level 12!
Your experience leads to an increase in your attributes!
Increase (S)trength, (I)ntelligence, or (D)exterity?
You feel clever. x2
The reaper hits you with a +6 scythe of venom!!
You die...

######..#.........#..#########..#
.#...#..#.#.##.##.#..##.#.#.##..#
.#.#?#..#2#..#...!#..#.#.#.#.#.8#
.#.#Z#..#.##.##.#$#..##.#©#)##..#
#©##Z#©©#..#.©#..©#©©#.#.#^#©#.∩#
.#.#.#..#..##.##..#..##.#8#$##..#
.#.#Z#..#...#..#.[#..#.#.#.#=#.8#
.#...#..#.#.##.##.#..##8#.#h##..#
######..#.....32@.#..#########..#
.....#..###########..#..........#
######..#.........#..#########..#
...QQ#..#.........#..#.......#..≈
.###Q#..#..##≈##..#..#..##..##..#
##..}#..#..≈###≈..#..#.##..###..≈
.©..©#©.#..## ##..#.©###.©##©#..#
##...#..#..≈# #≈..#..##..##?=#..≈
Q###!####..## ##..####t.##.|.#..#


You could see a reaper (poisoned, ally target), a lightning spire and a friendly
neqoxec (summoned).

Vanquished Creatures
  A two-headed ogre (D:9)
  A wizard (Gauntlet)
  A black mamba (D:9)
  2 cane toads
  2 komodo dragons
  A hornet (D:7)
  12 yaks
  A wyvern (D:9)
  2 basilisks (D:9)
  3 steam dragons
  Edmund (D:5)
  An acid dragon (D:9)
  An ice beast (D:7)
  A sky beast (D:5)
  A black bear (D:6)
  2 orc warriors
  A necrophage (D:4)
  3 centaurs
  3 kobold brigands
  7 bullfrogs
  6 scorpions
  A wyvern zombie (D:8)
  2 killer bees (D:9)
  A wight (D:9)
  2 centaur zombies
  3 jellies
  A centaur skeleton (D:5)
  3 hounds
  3 gnoll shamans
  2 orc priests
  A bullfrog skeleton (D:5)
  2 iguanas
  Terence (D:3)
  2 orc wizards
  A killer bee zombie (D:8)
  A howler monkey zombie (D:9)
  12 gnolls
  A howler monkey skeleton (D:5)
  14 adders
  7 river rats
  5 white imps
  An ufetubus (D:6)
  An adder skeleton (D:4)
  2 worms
  31 orcs
  17 ball pythons
  6 endoplasms
  6 giant cockroaches
  8 goblins
  2 hobgoblins
  19 kobolds
  8 quokkas
  4 bats
  3 frilled lizards
  26 rats
252 creatures vanquished.

Vanquished Creatures (collateral kills)
  A boulder beetle (D:7)
  A scorpion (D:7)
  A centaur zombie (D:7)
  A shadow imp (Gauntlet)
  An orc (D:9)
  A kobold (D:9)
6 creatures vanquished.

Vanquished Creatures (others)
  5 fungi
  9 plants
  A withered plant (Gauntlet)
15 creatures vanquished.

Grand Total: 273 creatures vanquished

Notes
Turn   | Place    | Note
-------+----------+-------------------------------------------
     0 | D:1      | Shayle the Djinni Warper began the quest for the Orb.
     0 | D:1      | Reached XP level 1. HP: 18/18 MP: 0/0
    48 | D:1      | Reached XP level 2. HP: 13/23 MP: 0/0
   964 | D:1      | Reached XP level 3. HP: 14/29 MP: 0/0
   964 | D:1      | Learned a level 1 spell: Magic Dart
  1686 | D:2      | Found a faded altar of an unknown god.
  2087 | D:3      | Reached XP level 4. HP: 23/34 MP: 0/0
  2516 | D:3      | Noticed Terence
  2522 | D:3      | Killed Terence
  3152 | D:3      | Noticed an orc warrior
  3217 | D:4      | Found a staircase to the Ecumenical Temple.
  3237 | D:4      | Noticed a necrophage
  3254 | D:3      | Killed an orc warrior
  3255 | D:3      | Reached XP level 5. HP: 15/40 MP: 0/0
  3255 | D:3      | Learned a level 2 spell: Scorch
  3448 | D:4      | Reached XP level 6. HP: 40/46 MP: 0/0
  3451 | D:4      | Killed a necrophage
  3463 | Temple   | Entered the Ecumenical Temple
  3468 | Temple   | Became a worshipper of Makhleb the Destroyer
  3971 | D:4      | Found a broken altar of Ashenzari.
  4469 | D:4      | Reached skill level 5 in Unarmed Combat
  4469 | D:4      | Reached XP level 7. HP: 42/51 MP: 0/0
  4469 | D:4      | Learned a level 2 spell: Static Discharge
  4905 | D:3      | Found a runed translucent door.
  4910 | D:3      | Noticed GEC's ghost (amateur DsEn)
  5116 | D:4      | Found a white marble altar of Elyvilon.
  5470 | D:5      | Entered Level 5 of the Dungeon
  5480 | D:5      | Reached skill level 1 in Invocations
  5641 | D:5      | Reached skill level 1 in Shields
  5899 | D:5      | Found a bloodstained altar of Trog.
  5930 | D:5      | Reached * piety under Makhleb
  6207 | D:5      | Noticed Edmund
  6223 | D:5      | Killed Edmund
  6224 | D:5      | Reached XP level 8. HP: 9/58 MP: 0/0
  6512 | D:5      | Found a transporter.
  6536 | D:5      | Found a transporter.
  6564 | D:5      | Found a snail-covered altar of Cheibriados.
  8133 | D:6      | Found a glowing drain.
  8137 | Sewer    | Entered a sewer
  8604 | Sewer    | Reached ** piety under Makhleb
  8820 | Sewer    | Reached skill level 5 in Fighting
  8826 | Sewer    | Reached XP level 9. HP: 30/65 MP: 0/0
  8826 | Sewer    | Learned a level 4 spell: Sticky Flame
  9818 | D:7      | Noticed a boulder beetle
 10324 | D:7      | Reached skill level 1 in Evocations
 10926 | D:7      | Noticed a hornet
 11451 | D:7      | Killed a boulder beetle
 11669 | D:7      | Killed a hornet
 11826 | D:6      | Reached XP level 10. HP: 60/72 MP: 0/0
 12064 | D:6      | Reached skill level 5 in Spellcasting
 12065 | D:6      | Reached skill level 5 in Invocations
 13090 | D:8      | Reached *** piety under Makhleb
 13856 | D:8      | Found a sacrificial altar of Ru.
 13902 | D:8      | Found a hide-covered altar of Uskayaw.
 13902 | D:8      | Found a shimmering altar of Xom.
 13902 | D:8      | Found a shadowy altar of Dithmenos.
 13908 | D:8      | Found a sparkling altar of Nemelex Xobeh.
 13908 | D:8      | Found an ornate altar of the Wu Jian Council.
 14518 | D:9      | Reached XP level 11. HP: 39/79 MP: 0/0
 14518 | D:9      | Learned a level 4 spell: Hailstorm
 15003 | D:9      | Reached skill level 5 in Evocations
 15596 | D:8      | Noticed a two-headed ogre
 15620 | D:9      | Killed a two-headed ogre
 16507 | D:9      | Found a staircase to the Lair.
 16533 | Lair:1   | Entered Level 1 of the Lair of Beasts
 16943 | Lair:1   | Noticed Harold
 17337 | Lair:2   | Found a gate leading to a gauntlet.
 17350 | Gauntlet | Entered a Gauntlet
 17350 | Gauntlet | Found a transporter.
 17350 | Gauntlet | Found a transporter.
 17356 | Gauntlet | Noticed a wizard
 17360 | Gauntlet | Found a transporter.
 17360 | Gauntlet | Found a transporter.
 17363 | Gauntlet | Found a transporter.
 17402 | Gauntlet | Found a transporter.
 17402 | Gauntlet | Found a transporter.
 17403 | Gauntlet | Noticed a reaper
 17404 | Gauntlet | Found a transporter.
 17404 | Gauntlet | Noticed a spectral wolf spider
 17412 | Gauntlet | Found a runed translucent gate.
 17414 | Gauntlet | Found a runed translucent gate.
 17414 | Gauntlet | Found a transporter.
 17415 | Gauntlet | Found a runed translucent gate.
 17417 | Gauntlet | Noticed a death drake
 17430 | Gauntlet | Found a transporter.
 17440 | Gauntlet | Found a transporter.
 17455 | Gauntlet | Found a transporter.
 17460 | Gauntlet | Noticed a ghost crab
 17477 | Gauntlet | Found a transporter.
 17477 | Gauntlet | Noticed a tengu warrior
 17491 | Gauntlet | Found a transporter.
 17528 | Gauntlet | Killed a wizard
 17684 | Gauntlet | Reached XP level 12. HP: 9/91 MP: 0/0
 17684 | Gauntlet | Annihilated by a reaper

Illustrated notes

Levels and vault maps discovered:
D:1:      minmay_arrival_radiant_lines, layout_loops_ring, grunt_decor_cap
D:2:      layout_loops_ring, hellmonk_ecumenical_altar_heavens_door
D:3:      layout_basic, ebering_ghost_reflecting_pool,
          minmay_fractal_squares_gapless_5, uniq_terence
D:4:      layout_basic, mainiacjoe_overflow_boulevard,
          nicolae_elyvilon_temple_path, minmay_temple_entry_drinking_statues
D:5:      gammafunk_steamed_eel, layout_basic, lightli_temple_of_fire,
          slow_altar_1, hangedman_abyss_or_decor_lesser_grid, uniq_edmund
D:6:      layout_loops_cross, gup_sewer_entry_spiral
D:7:      layout_rooms
D:8:      cheibrodos_elevator_heist, layout_loops_cross,
          overflow_temple_1_default, minmay_overflow_temple_hex,
          minmay_misc_feat_alley
D:9:      minmay_evil_eye, layout_basic, erik_lair_dragon
Temple:   minmay_freezing_vapour_temple
Lair:1:   layout_small_grid, uniq_harold, uniq_maggie
Lair:2:   layout_gridlike, minmay_shoals_entry_hut, gauntlet_entry_generic,
          nicolae_volcano_entry_batcave, special_room [special_room_bee],
          ebering_ghost_inner_flame, serial_bayou_shore_b, lemuel_fruit_tree
Gauntlet: gammafunk_gauntlet_mixed_choke_point [minmay_gauntlet_arena_77_braids,
          minmay_gauntlet_arena_77_two_paths, minmay_gauntlet_arena_77_mirror,
          nicolae_gauntlet_arena_grate_2, minmay_gauntlet_arena_77_run_for_it,
          minmay_gauntlet_arena_77_checkered,
          minmay_gauntlet_arena_77_two_lines, gauntlet_exit_hidden_loot]

Skill      XL: |  1  2  3  4  5  6  7  8  9 10 11 |
---------------+----------------------------------+-----
Unarmed Combat | 3 4 5 6 7 8 9 |  9.4
Fighting       | 3 4 5 6 7 9 |  9.6
Spellcasting   | 3 4 5 7 |  7.5
Invocations    | 2 3 4 6 8 |  8.8
Shields        | 1 3 4 |  4.0
Evocations     | 2 4 6 |  6.1
Throwing       | |  0.7
Armour         | |  1.0
Dodging        | |  2.1

Action                   |  1- 3 |  4- 6 |  7- 9 | 10-12 || total
-------------------------+-------+-------+-------+-------++-------
Melee: Unarmed           |   128 |    73 |     3 |       ||   204
       Punch             |     2 |     2 |       |       ||     4
       Short sword       |       |       |     1 |    58 ||    59
Throw: Boomerang         |       |     7 |       |       ||     7
 Cast: Magic Dart        |     5 |     1 |     9 |    35 ||    50
       Blink             |     1 |       |     4 |     7 ||    12
       Scorch            |       |    41 |   187 |   118 ||   346
       Sticky Flame      |       |       |     2 |    39 ||    41
       Hailstorm         |       |       |       |     3 ||     3
       Manifold Assault  |       |       |       |     1 ||     1
Invok: Lesser Servant of |       |       |       |     7 ||     7
Evoke: Wand              |       |     5 |     7 |       ||    12
  Use: Scroll            |       |     1 |    21 |     8 ||    30
       Potion            |       |       |     2 |     4 ||     6
Armor: Leather armour    |    41 |    20 |    25 |    46 ||   132
Dodge: Dodged            |    93 |    37 |    55 |    54 ||   239
Block: Buckler           |       |     1 |    48 |   116 ||   165
       Reflection        |       |       |       |     4 ||     4

Table legend: (Time is in decaauts)
 A = Elapsed time spent in this place.
 B = Non-inter-level travel time spent in this place.
 C = Inter-level travel time spent in this place.
 D = Time resting spent in this place.
 E = Time spent auto-exploring this place.
 F = Levels seen in this place.
 G = Mean time per level.
                   A        B        C        D        E       F      G
               +--------+--------+--------+--------+--------+-----+--------+
         Total |  17663 |  17077 |    586 |   5911 |   8659 |  14 | 1261.6 |
       Dungeon |  15686 |  15109 |    577 |   5127 |   8037 |   9 | 1742.9 |
        Temple |    161 |    152 |      9 |    151 |      0 |   1 |  161.0 |
          Lair |    589 |    589 |      0 |    256 |    180 |   2 |  294.5 |
         Sewer |    892 |    892 |      0 |    281 |    442 |   1 |  892.0 |
      Gauntlet |    334 |    334 |      0 |     95 |      0 |   1 |  334.0 |
               +--------+--------+--------+--------+--------+-----+--------+

Top non-repeatable levels by time:
     D:6: 2832 daAuts
     D:9: 2758 daAuts
     D:5: 2288 daAuts
     D:3: 1818 daAuts
     D:7: 1537 daAuts
     D:4: 1432 daAuts
     D:1: 1412 daAuts
     D:8: 967 daAuts
   Sewer: 892 daAuts
     D:2: 639 daAuts
  Lair:1: 567 daAuts
Gauntlet: 334 daAuts
  Temple: 161 daAuts
  Lair:2: 21 daAuts
